 Dungeon Crawl Stone Soup version 0.31-a0-202-g547052bce9 (webtiles) character file.

Game seed: 12204199495003083538

1031 CoordinateN the Cleaver (level 8, -1/66 HPs)
             Began as a Minotaur Berserker on June 27, 2023.
             Was a Priest of Trog.
             Slain by a gnoll
             ... wielding a +0 flail
             ... led by a gnoll sergeant
              (5 damage)
             ... on level 5 of the Dungeon.
             The game lasted 00:09:43 (4346 turns).

CoordinateN the Cleaver (Minotaur Berserker)        Turns: 4346, Time: 00:09:43

Health: -1/66      AC:  8    Str: 24    XL:     8   Next: 3%
Magic:  1/7        EV: 11    Int:  4    God:    Trog [***...]
Gold:   294        SH:  5    Dex: 10    Spells: 7/7 levels left

rFire   . . .        a - +0 hand axe (spect)
rCold   . . .        f - +2 buckler
rNeg    + . .        o - +3 ring mail
rPois   .            (helmet restricted)
rElec   .            (no cloak)
rCorr   .            (no gloves)
SInv    .            (no boots)
Will    +....        (no amulet) Stlth
                     p - ring of willpower
HPRegen 0.31/turn    i - ring of positive energy
MPRegen 0.10/turn

%: no passive effects
@: on berserk cooldown, slowed, very slow
A: horns 2, retaliatory headbutt
a: Renounce Religion, Berserk, Trog's Hand


You were on level 5 of the Dungeon.
You worshipped Trog.
Trog was most pleased with you.
You visited 1 branch of the dungeon, and saw 5 of its levels.
You also visited: Ossuary.

You collected 294 gold pieces.

Inventory:

Hand Weapons
 a - a +0 spectral hand axe (weapon)
Armour
 f - a +2 buckler (worn)
 o - a +3 ring mail (worn)
Jewellery
 e - a ring of magical power
 i - a ring of positive energy (right hand)
 p - a ring of willpower (left hand)
 r - an amulet of reflection
Wands
 q - a wand of iceblast (8)
 s - a wand of paralysis (2)
Scrolls
 b - a scroll of immolation {unknown}
 c - 2 scrolls of fear
 h - a scroll of silence {unknown}
 k - a scroll of amnesia {unknown}
 n - a scroll of teleportation
Potions
 d - a potion of curing {unknown}
 g - 2 potions of haste
 j - a potion of cancellation {unknown}
 l - 2 potions of lignification {unknown}
 m - 2 potions of brilliance {unknown}


   Skills:
 - Level 4.0 Fighting
 + Level 11.3 Axes
 - Level 3.0 Armour
 - Level 2.6 Dodging


You had 7 spell levels left.
You didn't know any spells.
Your spell library was empty.

Dungeon Overview and Level Annotations

Branches:
Dungeon (5/15)            Ossuary (visited)
 Temple: D:4-7

Altars:
Elyvilon
Gozag


Innate Abilities, Weirdness & Mutations

You have a pair of horns on your head.
You reflexively headbutt those who attack you in melee.


Message History

You feel yourself moving faster!
You feel mighty!
The gnoll sergeant hits you from afar with a +2 antimagic spear!
* * * LOW HITPOINT WARNING * * *
You feel a strong urge to attack something.
You hit the gnoll sergeant.
The gnoll sergeant is lightly wounded.
The gnoll sergeant hits you with a +2 antimagic spear!
* * * LOW HITPOINT WARNING * * *
The gnoll barely misses you.
You slash the gnoll sergeant!
Your headbutt misses the gnoll sergeant.
The gnoll sergeant is heavily wounded.
The gnoll sergeant hits you with a +2 antimagic spear.
* * * LOW HITPOINT WARNING * * *
The gnoll barely misses you.
You are too injured to fight recklessly!
You are too berserk!
You closely miss the gnoll sergeant.
The gnoll sergeant is heavily wounded.
You slash the gnoll sergeant!
You kill the gnoll sergeant!
Trog accepts your kill. You block the gnoll's attack.
You have reached level 8!
You feel stronger.
You barely miss the gnoll. You headbutt the gnoll!
You kill the gnoll!
Trog accepts your kill.
You are too injured to fight recklessly!
You feel a strong urge to attack something.
You block the gnoll's attack. The gnoll barely misses you.
You slash the gnoll!
The gnoll is severely wounded.
You are no longer berserk.
You are exhausted.
You feel yourself slow down.
You hit the gnoll but do no damage.
The gnoll is severely wounded.
The gnoll hits you with a +0 flail.
You die...

▒∙>▒∙∙>▒
▒▒∙▒▒▒▒∙▒ ▒∙∙▒
▒∙▒ ▒ ▒∙▒▒
▒∙▒▒▒▒ ▒▒∙▒
▒∙∙∙∙∙ ▒▒▒▒▒∙∙▒
▒▒▒▒▒∙ ▒▒▒▒▒▒▒
▒∙∙∙∙∙∙▒ ▒▒∙∙∙
∙∙∙∙∙∙∙▒▒∙∙∙∙∙>▒
▒∙∙▒▒
▒gg@∙∙∙∙∙∙▒
▒∙∙∙∙
▒▒▒▒∙∙∙∙∙∙▒
▒▒▒▒▒ ▒∙∙∙∙∙∙▒
▒∙∙∙∙∙∙▒
▒∙∙∙∙∙∙▒
▒▒▒▒▒▒▒▒


You could see 2 gnolls.

Vanquished Creatures
  2 black bears (D:4)
  2 ogres
  A phantom (D:5)
  A gnoll sergeant (D:5)
  A howler monkey (D:4)
  2 hounds
  2 sleepcaps
  A gnoll bouda (D:4)
  An orc priest (D:5)
  2 iguanas (D:4)
  7 gnolls
  10 adders
  A shadow imp (D:5)
  A white imp (D:5)
  2 ufetubi (D:5)
  2 worms (D:3)
  2 dart slugs
  13 orcs
  5 ball pythons
  5 bats
  5 endoplasms
  2 giant cockroaches
  4 hobgoblins (D:1)
  8 jackals
  5 kobolds
  3 quokkas
  A frilled lizard (D:1)
  3 goblins
  5 rats
99 creatures vanquished.

Notes
Turn   | Place    | Note
-------+----------+-------------------------------------------
     0 | D:1      | CoordinateN the Minotaur Berserker began the quest for the
                  | Orb.
     0 | D:1      | Reached XP level 1. HP: 19/19 MP: 0/0
    95 | D:1      | Found a faded altar of an unknown god.
   151 | D:1      | Reached XP level 2. HP: 27/27 MP: 1/1
   537 | D:1      | Reached skill level 4 in Axes
   998 | D:2      | Reached XP level 3. HP: 29/33 MP: 2/2
  1462 | D:2      | Reached ** piety under Trog
  1980 | D:3      | Reached skill level 5 in Axes
  1983 | D:3      | Reached XP level 4. HP: 40/40 MP: 3/3
  2692 | D:4      | Reached skill level 6 in Axes
  2738 | D:4      | Reached XP level 5. HP: 46/46 MP: 4/4
  2961 | D:4      | Reached skill level 7 in Axes
  3000 | D:4      | Reached XP level 6. HP: 46/52 MP: 5/5
  3115 | D:4      | Reached skill level 8 in Axes
  3588 | D:5      | Entered Level 5 of the Dungeon
  3607 | D:4      | Reached *** piety under Trog
  3608 | D:4      | Reached skill level 9 in Axes
  3608 | D:4      | Reached XP level 7. HP: 31/59 MP: 6/6
  3719 | D:5      | Identified the +1 barding "Koankuno" {rCorr}
  3780 | D:4      | Reached skill level 10 in Axes
  3878 | D:5      | Found an opulent altar of Gozag.
  3920 | D:5      | Found a sand-covered staircase.
  3993 | Ossuary  | Entered an ossuary
  4161 | D:5      | Found a white marble altar of Elyvilon.
  4313 | D:5      | Reached skill level 11 in Axes
  4339 | D:5      | HP: 3/88 [gnoll sergeant/+2 antimagic spear (6)]
  4342 | D:5      | Reached XP level 8. HP: 4/66 MP: 0/7
  4346 | D:5      | Slain by a gnoll

Illustrated notes

Levels and vault maps discovered:
D:1:      giann_forest_graveyard, layout_basic,
          hellmonk_ecumenical_altar_heavens_door, roderic_lattice_a,
          hangedman_decor_riveting
D:2:      layout_loops_corners, serial_forest, infiniplex_forest_clump_tiny,
          infiniplex_forest_zigzag_2, infiniplex_forest_clump_large,
          infiniplex_forest_fountain, infiniplex_forest_clump_cross
D:3:      layout_loops_ring, nicolae_figureground_pulse
D:4:      layout_basic
D:5:      layout_rooms, kennysheep_mini_moat, grunt_gozag_statues, temple_hall,
          nicolae_ossuary_entry_monument

Skill      XL: |  1  2  3  4  5  6  7 |
---------------+----------------------+-----
Fighting       | 4 |  4.0
Axes           | 4 5 6 7 9 11 | 11.3
Armour         | 3 |  3.0
Dodging        | |  2.6

Action                     |  1- 3 |  4- 6 |  7- 9 || total
---------------------------+-------+-------+-------++-------
  Melee: Hand axe          |    83 |   120 |    56 ||   259
         Headbutt          |     7 |    18 |    10 ||    35
 Invoke: Berserk           |       |     1 |     1 ||     2
    Use: Scroll            |     6 |       |       ||     6
   Stab: Sleeping          |     1 |       |       ||     1
         Distracted        |       |     1 |       ||     1
 Armour: Animal skin       |     9 |       |       ||     9
         Ring mail         |     6 |    36 |    15 ||    57
  Dodge: Dodged            |    51 |    47 |    25 ||   123
  Block: Buckler           |     7 |    16 |    16 ||    39

Table legend: (Time is in decaauts)
 A = Elapsed time spent in this place.
 B = Non-inter-level travel time spent in this place.
 C = Inter-level travel time spent in this place.
 D = Time resting spent in this place.
 E = Time spent auto-exploring this place.
 F = Levels seen in this place.
 G = Mean time per level.
                   A        B        C        D        E       F      G
               +--------+--------+--------+--------+--------+-----+--------+
         Total |   4349 |   4216 |    133 |    235 |   3351 |   6 |  724.8 |
       Dungeon |   4343 |   4210 |    133 |    235 |   3351 |   5 |  868.6 |
       Ossuary |      5 |      5 |      0 |      0 |      0 |   1 |    5.0 |
               +--------+--------+--------+--------+--------+-----+--------+

Top non-repeatable levels by time:
     D:4: 1189 daAuts
     D:2: 984 daAuts
     D:3: 797 daAuts
     D:1: 792 daAuts
     D:5: 579 daAuts
 Ossuary: 5 daAuts
